 Dungeon Crawl Stone Soup version 0.15-a0-77-g44c3f01 (webtiles) character file.

1748 4tharraofdagon the Conjurer (level 9, -3/43 (45) HPs)
             Began as a Tengu Fire Elementalist on Apr 7, 2014.
             Was a Follower of Vehumet.
             Slain by a killer bee (5 damage)
             ... while paralysed by a potion of paralysis
             ... on Level 9 of the Dungeon.
             The game lasted 00:16:06 (2266 turns).

4tharraofdagon the Conjurer (TeFE)                  Turns: 2266, Time: 00:16:06

HP  -3/43 (45)   AC  7     Str  8      XL: 9   Next:  3%
MP  22/22        EV  2     Int 19      God: Vehumet [*.....]
Gold 47          SH  0     Dex 15      Spells:  4 memorised,  4 levels left

rFire  . . .     SeeInvis .     d - +1 mace (protect)
rCold  . . .     Clarity  .     a - +0 robe
rNeg   . . .     Conserve .     (no shield)
rPois  .         rCorr    .     (helmet restricted)
rElec  .         rRot     .     (no cloak)
SustAb . .       Spirit   .     (no gloves)
rMut   .         Warding  .     (boots unavailable)
Saprov . . .     Stasis   .     (no amulet)
MR     .....                    (no ring)
                                C - ring of sustenance

@: paralysed, about to teleport, very slightly contaminated, hasted, not
resistant to hostile enchantments, fairly stealthy
A: able to fly, beak, talons 3
a: Fly, Renounce Religion


You were on level 9 of the Dungeon.
You worshipped Vehumet.
Vehumet was aware of your devotion.
You were not hungry.

You visited 2 branches of the dungeon, and saw 10 of its levels.

You collected 144 gold pieces.
You spent 97 gold pieces at shops.

Inventory:

Hand weapons
 d - a +1,+1 mace of protection (weapon)
Missiles
 u - a throwing net (quivered)
Armour
 a - a +0 robe (worn)
Comestibles
 c - 3 bread rations
 s - 4 meat rations
Scrolls
 e - a scroll of enchant armour {unknown}
 f - 3 scrolls of recharging {unknown}
 h - a scroll of remove curse {unknown}
 j - a scroll of blinking {unknown}
 k - a scroll of silence {unknown}
 n - a scroll of amnesia {unknown}
 o - a scroll of fear {unknown}
 t - a scroll of enchant weapon III {unknown}
 v - a scroll of enchant weapon I {unknown}
 y - a scroll of immolation {unknown}
Jewellery
 C - a ring of sustenance (left hand)
Potions
 g - a potion of degeneration {unknown}
 i - 2 potions of flight {unknown}
 l - a potion of paralysis
 q - a potion of restore abilities
 B - a potion of brilliance
Books
 b - a book of Flames

   Spells                             Type                      Level
   *Flame Tongue                      Conjuration/Fire             1
   Throw Flame                        Conjuration/Fire             2
   *Conjure Flame                     Conjuration/Fire             3
   Inner Flame                        Hexes/Fire                   3
   *Sticky Flame                      Conjuration/Fire             4
   *Fireball                          Conjuration/Fire             5


   Skills:
 - Level 2.1 Dodging
 - Level 2.0 Stealth
 + Level 4.9 Spellcasting
 * Level 9.2 Conjurations
 * Level 8.5 Fire Magic


You had 4 spell levels left.
You knew the following spells:

 Your Spells              Type           Power        Failure   Level  Hunger
a - Flame Tongue          Conj/Fire      #####        1%          1    None
b - Conjure Flame         Conj/Fire      #####...     1%          3    ###....
c - Sticky Flame          Conj/Fire      #####...     3%          4    ####...
d - Fireball              Conj/Fire      #####.....   12%         5    #####..


Dungeon Overview and Level Annotations

Branches:
Dungeon (9/15)             Temple (1/1) D:5
    Orc: D:9-12        Lair: D:8-11

Altars:
Cheibriados
Dithmenos
Elyvilon
Kikubaaqudgha
Nemelex Xobeh
Okawaru
Sif Muna
Trog
Vehumet
Xom
Yredelemnul
Zin

Shops:
D:3 *   D:7 (   D:8 *

Annotations:
D:2 Sigmund
D:4 Dowan, Duvessa, Prince Ribbit
D:9 Psyche


Innate Abilities, Weirdness & Mutations

You can fly.
You have a beak for a mouth.
You have claws for feet.


Message History

Unknown command.
Unknown command.
A bat comes into view.
Your surroundings suddenly seem different.
The hippogriff screeches!
An adder and a killer bee come into view.
Unknown command.
Unknown command.
Read which item? (? for menu, Esc to quit)
Okay, then.
Read which item? (? for menu, Esc to quit)
As you read the scroll of teleportation, it crumbles to dust.
You feel strangely unstable. The killer bee closely misses you.
Drink which item? (? for menu, Esc to quit)
You suddenly lose the ability to move!
It was a potion of paralysis.
The yak bellows!
The killer bee buzzes angrily.
The yak gores you.
* * * LOW HITPOINT WARNING * * *
The killer bee stings you.
You die...

.. ... .... .....
..... ..... ......
..################
......
.........@...<....
......
......HYkkY.......
.....
..........kY......
.....
.H......<.$.S.....
.....
........}.........
....
..##############
... ..


You could see 3 yaks, a hippogriff, 3 killer bees and an adder.

Vanquished Creatures
  A yak (D:9)
  Edmund (D:5)
  2 water moccasins
  A necrophage (D:5)
  An ice beast (D:8)
  A black bear (D:7)
  3 phantoms
  An orc warrior (D:7)
  A centaur (D:8)
  A water moccasin skeleton (D:7)
  2 scorpions
  A goliath beetle (D:7)
  2 hounds (D:7)
  2 orc wizards (D:8)
  2 iguanas (D:7)
  A worker ant (D:5)
  Ijyb (D:1)
  2 adders
  4 gnolls (D:5)
  2 giant geckos
  15 orcs
  3 bats
  5 giant cockroaches
  5 goblins
  5 hobgoblins
  A quokka (D:7)
  3 giant newts
  A gnoll zombie (D:7)
  A goblin skeleton (D:4)
  5 jackals
  8 kobolds
  4 rats
  A rat skeleton (D:7)
89 creatures vanquished.

Notes
Turn   | Place    | Note
--------------------------------------------------------------
     0 | D:1      | 4tharraofdagon, the Tengu Fire Elementalist, began the quest for the Orb.
     0 | D:1      | Reached XP level 1. HP: 10/10 MP: 3/3
    12 | D:2      | Noticed Ijyb
   118 | D:1      | Killed Ijyb
   118 | D:1      | Reached XP level 2. HP: 10/15 MP: 0/5
   181 | D:2      | Reached skill level 4 in Fire Magic
   181 | D:2      | Reached XP level 3. HP: 16/19 MP: 1/7
   186 | D:2      | Learned a level 3 spell: Conjure Flame
   274 | D:3      | Found Zin's Purification Station.
   278 | D:3      | Found a glowing silver altar of Zin.
   417 | D:2      | Noticed Sigmund
   544 | D:4      | Reached XP level 4. HP: 24/24 MP: 5/9
   547 | D:4      | Noticed a phantom
   605 | D:4      | Killed a phantom
   605 | D:4      | Reached XP level 5. HP: 19/28 MP: 0/11
   633 | D:4      | Learned a level 4 spell: Sticky Flame
   739 | D:5      | Entered Level 5 of the Dungeon
   754 | D:5      | Noticed a necrophage
   803 | D:5      | Killed a necrophage
   803 | D:5      | Reached skill level 5 in Conjurations
   803 | D:5      | Reached skill level 5 in Fire Magic
   803 | D:5      | Reached XP level 6. HP: 20/30 MP: 0/14
   822 | D:5      | Found a sparkling altar of Nemelex Xobeh.
   846 | D:5      | Noticed a phantom
   867 | D:5      | Killed a phantom
   898 | D:4      | Noticed Duvessa
   898 | D:4      | Noticed Dowan
   900 | D:4      | Noticed Prince Ribbit
   941 | D:5      | Noticed a water moccasin
   949 | D:5      | Killed a water moccasin
   949 | D:5      | Reached skill level 6 in Fire Magic
   949 | D:5      | Reached XP level 7. HP: 29/34 MP: 5/16
  1083 | D:5      | Noticed Edmund
  1096 | D:5      | Killed Edmund
  1113 | D:5      | Noticed a phantom
  1125 | D:5      | Killed a phantom
  1141 | D:5      | Found a staircase to the Ecumenical Temple.
  1150 | Temple   | Entered the Ecumenical Temple
  1181 | Temple   | Became a worshipper of Vehumet
  1404 | D:7      | Found Dumu's Weapon Shoppe.
  1413 | D:7      | Reached skill level 7 in Conjurations
  1427 | D:7      | Learned a level 5 spell: Fireball
  1463 | D:7      | Found a deep blue altar of Sif Muna.
  1464 | D:7      | Found a snail-covered altar of Cheibriados.
  1470 | D:7      | Reached XP level 8. HP: 39/39 MP: 4/19
  1719 | D:7      | Reached skill level 8 in Conjurations
  1855 | D:7      | Acquired Vehumet's first power
  1855 | D:7      | Offered knowledge of Sandblast by Vehumet.
  1858 | D:7      | #1
  1981 | D:8      | Found Medituoq's General Store.
  1990 | D:8      | Bought a potion of brilliance for 32 gold pieces
  1990 | D:8      | Bought a scroll of identify for 26 gold pieces
  1990 | D:8      | Bought a scroll of teleportation for 39 gold pieces
  2109 | D:9      | Reached skill level 9 in Conjurations
  2128 | D:8      | Found a basalt altar of Yredelemnul.
  2135 | D:8      | Reached XP level 9. HP: 12/43 MP: 3/22
  2257 | D:9      | Noticed Psyche
  2265 | D:9      | Paralysed by a potion of paralysis for 3 turns
  2265 | D:9      | HP: 2/43 [yak (5)]
  2266 | D:9      | Slain by a killer bee

Action                   |  1- 3 |  4- 6 |  7- 9 || total
-------------------------+-------+-------+-------++-------
Melee: Mace              |    36 |     9 |    23 ||    68
 Cast: Flame Tongue      |    26 |    21 |    82 ||   129
       Conjure Flame     |       |     3 |     8 ||    11
       Sticky Flame      |       |     1 |    10 ||    11
       Fireball          |       |       |     1 ||     1
 Abil: Fly               |       |       |     1 ||     1
  Use: Scroll            |       |       |     7 ||     7
       Potion            |       |       |     5 ||     5
 Stab: Sleeping          |     2 |       |     1 ||     3
